AoeStats
← [RDY] Audemars Piguet

Arabia

503200569Analyzed
2v2 RM · 2mo ago on Aug 30, 2026· 85m 29s· 4 players
Game mode
Random Map
Map size
Medium (4 player)
Population
200
Speed
Normal
Resources
Standard
Victory
Conquest
Starting age
Dark Age
Ending age
Imperial Age
RankedLock teamsTeams togetherTeam positionsShared explorationLock speedFull tech treeHidden civsTurbo modeCheats
Victory
Defeat
🇺🇸 Lithuanians · United States
792
+17
🇺🇸 Khmer · United States
781
+18
vs
🇬🇧 Khmer · United Kingdom
829
-40
🇨🇦 Britons · Canada
814
-36
[RDY] TGCID
14:16 Feudal Age
14:55 Loom
17:13 Castle Age
15:02 Loom
19:02 Double-Bit Axe
26:52 Bloodlines
26:44 Husbandry
32:36 Pikeman
34:20 Forging
34:16 Scale Barding Armor
34:11 Scale Mail Armor
43:39 Tusk Swords
43:51 Tusk Swords
51:40 Imperial Age
52:36 Double Crossbow
55:25 Ballistics
56:06 Chemistry
56:11 Iron Casting
55:56 Chain Barding Armor
55:52 Chain Mail Armor
58:28 Arson
63:50 Blast Furnace
63:26 Plate Barding Armor
64:41 Elite Ballista Elephant
66:00 Conscription
69:23 Halberdier
76:48 Siege Engineers
[RDY] Audemars Piguet
10:28 Feudal Age
17:47 Castle Age
15:42 Gold Mining
16:18 Double-Bit Axe
25:41 Husbandry
27:52 Bloodlines
30:50 Scale Barding Armor
30:56 Forging
34:04 Padded Archer Armor
34:01 Elite Skirmisher
36:02 Ballistics
36:05 Chain Barding Armor
36:01 Leather Archer Armor
38:09 Thumb Ring
39:57 Iron Casting
39:12 Fletching
43:20 Imperial Age
43:55 Caravan
43:51 Cavalier
47:27 Ring Archer Armor
48:04 Paladin
52:38 Capped Ram
57:07 Elite Leitis
58:38 Stone Mining
62:59 Chemistry
62:37 Plate Barding Armor
61:58 Bodkin Arrow
67:04 Bracer
70:41 Conscription
70:57 Conscription
bigbensubaru
8:50 Loom
11:03 Feudal Age
11:55 Double-Bit Axe
17:52 Castle Age
15:53 Horse Collar
16:30 Fletching
18:04 Wheelbarrow
20:45 Bow Saw
21:11 Pikeman
21:28 Crossbowman
22:30 Stone Mining
23:55 Bodkin Arrow
24:02 Padded Archer Armor
24:59 Heavy Plow
25:59 Ballistics
26:47 Leather Archer Armor
28:24 Gold Mining
28:57 Hand Cart
35:21 Imperial Age
34:20 Gold Shaft Mining
35:41 Elite Longbowman
36:48 Yeomen
39:12 Halberdier
40:47 Scale Mail Armor
41:11 Squires
57:12 Conscription
57:19 Conscription
63:22 Bracer
63:53 Ring Archer Armor
70:03 Chain Mail Armor
70:10 Forging
72:10 Plate Mail Armor
72:19 Iron Casting
TOGAPower
6:08 Loom
11:48 Feudal Age
17:20 Castle Age
16:10 Double-Bit Axe
17:30 Gold Mining
25:12 Pikeman
26:37 Forging
27:20 Scale Mail Armor
34:10 Scale Barding Armor
34:44 Iron Casting
36:34 Stone Mining
36:23 Elite Skirmisher
39:14 Stone Shaft Mining
39:18 Bow Saw
44:03 Imperial Age
46:58 Ballistics
47:39 Chemistry
47:51 Halberdier
52:22 Chain Barding Armor
52:19 Chain Mail Armor
53:05 Blast Furnace
52:05 Arson
55:22 Wheelbarrow
54:23 Sappers
56:18 Heavy Cavalry Archer
59:02 Parthian Tactics
67:08 Hand Cart
77:25 Town Watch
Connection lost

Rejoining the realm…

Still unreachable

The connection could not be restored.

Session expired

The server has moved on; the page needs a fresh start.